Map: 사이버 포레스트 - 래더

Players

Solar - Winner!

  • Race: Zerg Zerg
  • Spawn Location: 5:00

INnoVation

  • Race: Terran Terran
  • Spawn Location: 11:00

Event: IEM Season 13: Katowice (2019)

VOD

Have the link to the VOD?

Description

Time

  • Played on: March 1, 2019, 5:16 a.m.
  • Length: 11:49

All games in this series

Show
View Real Time Build Order
Export as new Build Order

Solar Zerg - Winner!

Build Orders: Hatch First 

Get SALT Encoding   

  12  0:01  Drone  
  13  0:12  Overlord  
  13  0:17  Drone  
  14  0:31  Drone x2  
  16  0:47  Hatchery  
  15  0:51  Drone  
  15  0:54  Drone  
  17  0:58  Drone  
  18  1:09  Extractor  
  17  1:13  Spawning Pool  
  17  1:17  Drone  
  17  1:20  Drone  
  18  1:28  Drone  
  20  1:40  Drone  
  20  2:00  Queen  
  22  2:02  Zergling x4  
  22  2:05  Drone, Hatchery  
  24  2:14  Queen  
  26  2:20  Overlord  
  26  2:23  Drone  
  27  2:30  Metabolic Boost  
  27  2:33  Drone  
  28  2:40  Drone x2  
  30  2:45  Queen  
  30  2:48  Drone  
  33  2:53  Drone  
  33  3:10  Overlord  
  33  3:14  Zergling x2  
  33  3:15  Zergling x2  
  33  3:18  Zergling x8  
  39  3:20  Queen  
  39  3:26  Zergling x2  
  42  3:29  Zergling x2  
  42  3:30  Overlord  
  42  3:32  Zergling x2  
  44  3:37  Zergling x6  
  44  3:39  Zergling x4  
  49  3:44  Overlord  
  49  3:47  Drone  
  50  3:49  Drone x2  
  50  3:50  Drone  
  50  3:51  Drone  
  54  3:58  Overlord  
  53  4:06  Drone  
  53  4:08  Drone  
  53  4:09  Drone x2  
  52  4:16  Lair  
  53  4:17  Drone  
  53  4:20  Drone  
  51  4:24  Queen  
  51  4:26  Drone  
  51  4:27  Drone  
  51  4:28  Drone  
  51  4:30  Drone  
  56  4:37  Roach Warren  
  55  4:39  Spore Crawler  
  55  4:40  Spore Crawler  
  55  4:41  Drone  
  55  4:45  Spore Crawler  
  53  4:46  Extractor, Drone x2  
  53  4:47  Extractor, Drone x2  
  53  4:49  Drone  
  53  4:51  Drone  
  55  4:53  Drone  
  55  4:54  Drone  
  55  4:57  Drone  
  55  4:59  Drone x2  
  59  5:03  Drone x2  
  59  5:04  Drone  
  59  5:06  Drone  
  59  5:07  Drone  
  63  5:11  Drone x2  
  63  5:15  Overseer  
  63  5:17  Overseer  
  63  5:19  Queen  
  63  5:21  Overlord  
  65  5:26  Drone x2  
  66  5:29  Overlord  
  66  5:31  Drone  
  66  5:33  Drone  
  68  5:37  Drone x5  
  68  5:40  Overlord  
  73  5:44  Drone x4  
  73  5:46  Drone  
  73  5:47  Roach  
  82  5:50  Roach  
  82  5:51  Roach  
  82  5:55  Evolution Chamber  
  83  5:57  Evolution Chamber  
  83  5:58  Extractor  
  83  5:59  Extractor, Drone  
  83  6:00  Drone x2  
  83  6:02  Overlord  
  83  6:05  Overlord, Glial Reconstitution  
  83  6:10  Overlord  
  83  6:12  Drone x3  
  83  6:13  Drone  
  83  6:14  Drone  
  83  6:16  Infestation Pit  
  83  6:17  Extractor  
  86  6:20  Overlord  
  86  6:22  Queen  
  86  6:24  Roach  
  86  6:25  Overlord  
  89  6:27  Ravager x2  
  89  6:28  Ravager  
  89  6:29  Roach  
  89  6:31  Roach  
  96  6:33  Overlord  
  96  6:35  Overlord  
  96  6:37  Overlord  
  96  6:39  Roach  
  98  6:41  Roach  
  100  6:50  Zerg Missile Weapons Level 1, Overlord  
  100  6:51  Zerg Ground Armor Level 1  
  100  6:53  Roach x2  
  104  6:58  Roach x4  
  106  7:02  Overlord  
  106  7:06  Roach x3  
  112  7:09  Drone  
  112  7:11  Drone  
  111  7:17  Drone x2  
  111  7:20  Hatchery  
  111  7:21  Ravager  
  111  7:22  Drone x4  
  117  7:25  Drone, Baneling Nest  
  117  7:27  Drone  
  117  7:28  Drone  
  119  7:31  Drone x2  
  119  7:32  Drone  
  119  7:33  Drone x2  
  119  7:35  Drone  
  124  7:39  Overlord  
  124  7:40  Drone  
  124  7:41  Drone  
  124  7:42  Drone  
  127  7:47  Hive  
  127  7:51  Hatchery  
  127  7:58  Roach  
  128  7:59  Roach  
  128  8:00  Zergling x2  
  128  8:01  Zergling x4  
  133  8:07  Zergling x2  
  133  8:08  Zergling x4  
  133  8:10  Centrifical Hooks  
  136  8:16  Overlord  
  136  8:21  Zergling x2  
  136  8:22  Zergling x18  
  146  8:28  Baneling x6  
  146  8:29  Baneling  
  146  8:30  Ravager x2  
  146  8:37  Zergling x10  
  148  8:41  Queen  
  148  8:46  Zerg Ground Armor Level 2, Zerg Melee Weapons Level 1  
  148  8:48  Hatchery  
  149  8:50  Queen  
  149  8:52  Overlord  
  151  9:00  Zergling x2  
  151  9:01  Zergling x24  
  151  9:02  Pneumatized Carapace  
  164  9:06  Ultralisk Cavern  
  164  9:08  Viper x2  
  169  9:12  Zergling x6  
  169  9:14  Baneling x3  
  171  9:17  Zergling x12  
  171  9:19  Overlord  
  171  9:24  Overlord  
  177  9:26  Overlord  
  177  9:27  Adrenal Glands  
  177  9:29  Zergling x4  
  177  9:30  Zergling x2  
  178  9:33  Overlord  
  176  9:42  Zergling x4, Drone x3  
  176  9:43  Spire, Zergling x6  
  176  9:44  Baneling  
  176  9:45  Baneling x5  
  165  9:54  Zergling x2  
  165  9:55  Zergling x12  
  165  9:56  Zergling x6  
  165  9:57  Zergling x4  
  160  10:01  Zergling x8  
  160  10:03  Zergling x4  
  160  10:04  Zergling x2  
  167  10:08  Chitinous Plating, Baneling x3  
  167  10:10  Zergling x6  
  169  10:21  Zergling x8, Ultralisk  
  178  10:30  Ultralisk  
  178  10:32  Overlord  
  178  10:33  Zergling x6  
  178  10:34  Zergling x2  
  187  10:36  Spire, Baneling x5  
  184  10:45  Baneling x2  
  184  10:47  Zergling x12  
  184  10:48  Overlord  
  184  10:49  Baneling x5  
  190  10:50  Baneling x4  
  190  10:52  Overlord  
  190  10:54  Zergling x4  
  190  10:55  Zergling x4  
  185  11:04  Zergling x2  
  185  11:05  Zergling x20  
  195  11:13  Zergling x8  
  197  11:23  Zergling x2  
  182  11:26  Zergling x10  
  182  11:29  Ravager  
  182  11:30  Zergling x6  
  182  11:31  Zergling x2  
Show
View Real Time Build Order
Export as new Build Order

INnoVation Terran 

Build Orders: Gas First Reaper Expand, Banshee Rush 

Get SALT Encoding   

  12  0:01  SCV  
  13  0:13  SCV  
  14  0:17  Supply Depot  
  14  0:25  SCV  
  14  0:27  Refinery  
  15  0:38  SCV  
  16  0:44  Barracks  
  16  0:50  SCV  
  17  1:02  SCV  
  18  1:15  SCV  
  19  1:31  Reaper, Orbital Command  
  20  1:43  Command Center  
  20  1:55  Factory  
  20  1:58  SCV  
  21  2:05  Barracks Reactor  
  21  2:10  SCV  
  21  2:13  Supply Depot  
  22  2:16  Refinery  
  22  2:22  SCV  
  22  2:34  SCV  
  23  2:41  Starport  
  23  2:42  Marine x2  
  25  2:46  SCV  
  26  2:54  Factory Tech Lab  
  26  2:55  Orbital Command  
  26  2:58  SCV  
  26  2:59  Marine x2  
  29  3:11  SCV  
  30  3:17  Marine x2  
  32  3:21  SCV  
  32  3:23  SCV  
  32  3:26  Banshee, Cloaking Field  
  37  3:32  Factory Tech Lab  
  37  3:33  Supply Depot  
  37  3:35  SCV  
  37  3:37  SCV  
  37  3:40  Marine x2  
  41  3:47  SCV  
  42  3:49  SCV  
  42  3:52  Siege Tank  
  46  3:56  Supply Depot  
  46  3:58  Marine x2  
  47  4:04  SCV x2  
  38  4:11  Banshee  
  38  4:16  Marine x2  
  39  4:19  SCV x2  
  39  4:31  SCV  
  39  4:32  SCV  
  39  4:33  Siege Tank  
  39  4:35  Marine  
  39  4:38  Marine  
  46  4:44  SCV x2  
  48  4:52  Supply Depot  
  48  4:53  Marine  
  48  4:56  Banshee, Marine  
  48  4:58  SCV  
  48  4:59  SCV  
  55  5:10  SCV  
  55  5:11  SCV, Marine  
  55  5:13  Marine  
  59  5:16  Siege Tank  
  62  5:23  SCV x2  
  62  5:27  Supply Depot  
  64  5:31  Marine x2  
  64  5:35  SCV x2  
  68  5:45  Command Center  
  68  5:47  SCV x2  
  70  5:59  SCV x2  
  70  6:01  Barracks  
  70  6:03  Supply Depot  
  72  6:05  Barracks  
  72  6:07  Engineering Bay  
  72  6:08  Stimpack  
  72  6:09  Engineering Bay  
  72  6:11  Starport Reactor, SCV x2  
  73  6:15  Marine  
  73  6:17  Refinery  
  73  6:18  Refinery  
  75  6:23  SCV x2  
  75  6:25  Supply Depot  
  77  6:35  SCV x2  
  77  6:39  Terran Infantry Armor Level 1, Terran Infantry Weapons Level 1, Marine  
  80  6:48  Barracks  
  80  6:49  Barracks  
  80  6:51  SCV x2  
  82  6:59  Starport Reactor  
  82  7:01  Marauder, Marine x4  
  70  7:03  SCV x2  
  70  7:05  Orbital Command  
  75  7:10  Siege Tank  
  78  7:18  SCV x2  
  78  7:20  Marine  
  78  7:21  Marine x3  
  84  7:26  Orbital Command  
  84  7:39  Marauder, Marine x2  
  84  7:40  Marine x2  
  84  7:41  Barracks Tech Lab  
  84  7:42  Barracks Tech Lab, Siege Tank, Medivac x2  
  84  7:43  SCV x2  
  99  7:50  Supply Depot  
  99  7:51  Supply Depot  
  99  7:59  Refinery  
  99  8:00  Marauder, Concussive Shells, Combat Shield  
  99  8:01  Refinery, Marine  
  99  8:02  Marauder, Marine x2  
  99  8:04  Marauder  
  99  8:05  Marine  
  109  8:10  Supply Depot  
  109  8:12  Medivac x2  
  113  8:19  Siege Tank  
  116  8:23  Marauder  
  116  8:24  Marauder  
  120  8:28  Marine x3  
  120  8:29  Supply Depot, Marine  
  120  8:32  Supply Depot  
  120  8:42  Medivac x2  
  120  8:43  Marauder  
  120  8:45  Marauder x2  
  120  8:47  Marine x3, Supply Depot x2  
  133  8:50  Marine  
  133  8:52  Siege Tank  
  137  9:05  Marauder  
  137  9:06  Marauder x2  
  137  9:08  Marine x2  
  137  9:09  Marine  
  146  9:14  Medivac  
  146  9:15  Medivac  
  150  9:24  Siege Tank  
  150  9:26  Supply Depot  
  150  9:29  Supply Depot  
  150  9:30  Marauder  
  154  9:32  Marauder  
  154  9:35  Marauder  
  156  9:39  Marine  
  156  9:40  Marine x2  
  156  9:41  Marine  
  149  9:55  Medivac x2  
  149  9:57  Marauder x3  
  147  10:02  Marine x4  
  150  10:08  Liberator x2  
  150  10:09  Siege Tank  
  152  10:24  Marauder x2  
  152  10:25  Marauder  
  164  10:29  Marine x3  
  164  10:30  Marine  
  164  10:31  Orbital Command  
  168  10:41  Siege Tank  
  168  10:46  Marauder x3  
  174  10:52  Marine x3  
  174  10:53  Marine  
  165  10:58  SCV x3  
  164  11:13  Siege Tank  
  130  11:29  Marine x4  

Tags
 
Add a new tag
Caveats
  • Supply blocks, unpowered buildings, or Contaminate may cause inaccurate times.
  • Supply counts are checked every 10 seconds.